 Dungeon Crawl Stone Soup version 0.29-a0-284-gf9362112df (webtiles) character file.

Game seed: 7535539599741748618

346 rabbitsville the Spear-Bearer (level 6, 0/79 HPs)
             Began as a Gnoll Wanderer on Mar 16, 2022.
             Was a Priest of Kikubaaqudgha.
             Slain by a bullfrog (7 damage)
             ... in a sewer.
             The game lasted 00:12:29 (2778 turns).

rabbitsville the Spear-Bearer (Gnoll Wanderer)      Turns: 2778, Time: 00:12:30

Health: 0/79       AC:  3    Str: 13    XL:     6   Next: 59%
Magic:  8/9        EV: 12    Int: 11    God:    Kikubaaqudgha [***...]
Gold:   92         SH:  0    Dex: 12    Spells: 8/9 levels left

rFire   . . .      SeeInvis .   a - +0 trident
rCold   . . .      Faith    .   (no shield)
rNeg    . . .      Spirit   .   e - +0 leather armour
rPois   .          Reflect  .   (no helmet)
rElec   .          Harm     .   (no cloak)
rCorr   .          Rampage  .   (no gloves)
Will    .....                   (no boots)
Stlth   ..........              q - amulet of regeneration
HPRegen 1.03/turn               (no ring)
MPRegen 0.11/turn               (no ring)

@: berserking, slow
A: fangs 1, strong nose, distributed training
a: Renounce Religion, Receive Corpses


You were in a sewer.
You worshipped Kikubaaqudgha.
Kikubaaqudgha was most pleased with you.
You visited 1 branch of the dungeon, and saw 3 of its levels.
You also visited: Sewer.

You collected 92 gold pieces.

Inventory:

Hand Weapons
 a - a +0 trident (weapon)
Missiles
 v - 4 javelins
Armour
 e - a +0 leather armour (worn)
Jewellery
 i - a ring of ice
 q - an amulet of regeneration (around neck)
Wands
 c - a wand of polymorph (6) (quivered)
 o - a wand of flame (11)
Scrolls
 b - 5 scrolls of teleportation
 f - 4 scrolls of identify {unknown}
 h - a scroll of holy word {unknown}
 n - a scroll of blinking {unknown}
 r - a scroll of fog {unknown}
 s - a scroll of enchant weapon {unknown}
 w - a scroll of fear {unknown}
Potions
 d - a potion of lignification
 g - a potion of haste {unknown}
 j - a potion of berserk rage
 k - a potion of attraction {unknown}
 l - a potion of cancellation {unknown}
 m - a potion of might {unknown}
 p - a potion of mutation {unknown}
 t - a potion of magic {unknown}
 u - 2 potions of curing {unknown}


   Skills:
 + Level 6.8 Fighting
 + Level 2.0 Short Blades
 + Level 2.0 Long Blades
 + Level 2.0 Axes
 + Level 2.0 Maces & Flails
 + Level 8.8 Polearms
 + Level 2.0 Staves
 + Level 2.0 Slings
 + Level 2.0 Bows
 + Level 2.0 Crossbows
 + Level 2.0 Throwing
 + Level 2.0 Armour
 + Level 3.3 Dodging
 + Level 3.1 Stealth
 + Level 2.0 Shields
 + Level 2.0 Unarmed Combat
 + Level 2.0 Spellcasting
 + Level 1.6 Conjurations
 + Level 1.6 Hexes
 + Level 1.6 Summonings
 + Level 1.6 Necromancy
 + Level 1.6 Translocations
 + Level 1.6 Transmutations
 + Level 1.6 Fire Magic
 + Level 1.6 Ice Magic
 + Level 1.6 Air Magic
 + Level 1.6 Earth Magic
 + Level 1.6 Poison Magic
 + Level 2.2 Invocations
 + Level 3.3 Evocations


You had 8 spell levels left.
You knew the following spells:

 Your Spells              Type           Power      Damage    Failure   Level
a - Animate Skeleton      Necr           8%         N/A       19%         1

Your spell library contained the following spells:

 Spells                   Type           Power      Damage    Failure   Level
 Corpse Rot               Necr/Air       8%         N/A       28%         2
 Sublimation of Blood     Necr           4%         N/A       28%         2
 Stone Arrow              Conj/Erth      8%         3d7       50%         3
 Vampiric Draining        Necr           4%         2d6       50%         3
 Anguish                  Hex/Necr       2%         N/A       88%         4
 Animate Armour           Summ/Erth      8%         N/A       88%         4
 Animate Dead             Necr           2%         N/A       88%         4
 Borgnjor's Vile Clutch   Necr/Erth      2%         N/A       99%         5
 Death Channel            Necr           2%         N/A       100%        6
 Simulacrum               Ice/Necr       2%         N/A       100%        6
 Lehudib's Crystal Spear  Conj/Erth      2%         10d2      100%        8


Dungeon Overview and Level Annotations

Branches:
Dungeon (3/15)              Sewer (1/1)

Altars:
Kikubaaqudgha

Shops:
D:2 *


Innate Abilities, Weirdness & Mutations

You have very sharp teeth.
Your uncanny sense of smell can sniff out nearby items.
Your experience applies equally to all skills.


Message History

The bullfrog is moderately wounded.
The bullfrog closely misses you. The bullfrog hits you.
* * * LOW HITPOINT WARNING * * *
You closely miss the bullfrog.
The bullfrog is moderately wounded.
The bullfrog barely misses you. The bullfrog closely misses you.
Your unstable footing causes you to fumble your attack.
The bullfrog completely misses you. The bullfrog hits you.
* * * LOW HITPOINT WARNING * * *
Your unstable footing causes you to fumble your attack.
The bullfrog barely misses you. The bullfrog closely misses you.
You hit the bullfrog.
The bullfrog is heavily wounded.
The bullfrog completely misses you. The bullfrog closely misses you.
You barely miss the bullfrog.
The bullfrog is heavily wounded.
The bullfrog barely misses you. The bullfrog closely misses you.
You puncture the bullfrog!
You kill the bullfrog!
Kikubaaqudgha accepts your kill. The bullfrog barely misses you.
Your Short Blades skill increases to level 2!
Your Long Blades skill increases to level 2!
Your Axes skill increases to level 2!
Your Maces & Flails skill increases to level 2!
Your Staves skill increases to level 2!
Your Slings skill increases to level 2!
Your Bows skill increases to level 2!
Your Crossbows skill increases to level 2!
Your Throwing skill increases to level 2!
Your Armour skill increases to level 2!
Your Shields skill increases to level 2!
Your Unarmed Combat skill increases to level 2!
Your Spellcasting skill increases to level 2!
Your unstable footing causes you to fumble your attack.
The bullfrog hits you but does no damage.
Your unstable footing causes you to fumble your attack.
Your unstable footing causes you to fumble your attack.
The bullfrog hits you!
You die...
Kikubaaqudgha rasps: "You have failed me!
Welcome... death!"

#######################
#....≈≈≈≈†≈≈≈≈≈≈≈≈≈≈#.###
....≈≈≈≈≈#@..≈≈≈≈≈≈≈≈...##
....≈≈≈≈†F#†≈≈≈≈≈≈≈≈≈....#
....≈#≈≈≈≈≈≈≈≈≈≈≈≈≈≈.....#
.....≈≈≈≈≈≈≈≈≈≈≈≈≈≈≈≈....##
#....≈≈≈≈≈≈≈≈≈≈≈≈≈≈≈......#
+####################.††.#
∆∆∆ ####...# ∆ #..#....
#..'....


You could see a bullfrog.

Vanquished Creatures
  A bullfrog (Sewer)
  Ijyb (D:3)
  Natasha (D:2)
  5 river rats (Sewer)
  13 adders
  A worm (D:2)
  12 ball pythons
  5 endoplasms
  4 giant cockroaches
  4 goblins (D:1)
  4 hobgoblins
  2 quokkas
  3 bats
  2 frilled lizards
  26 rats
84 creatures vanquished.

Notes
Turn   | Place    | Note
-------+----------+-------------------------------------------
     0 | D:1      | rabbitsville the Gnoll Wanderer began the quest for the
                  | Orb.
     0 | D:1      | rabbitsville set off with the following items: a +0
                  | trident, a scroll of teleportation, a wand of polymorph
                  | (6), a potion of lignification, a +0 leather armour
     0 | D:1      | Reached XP level 1. HP: 23/23 MP: 1/1
   280 | D:1      | Reached XP level 2. HP: 29/29 MP: 2/2
   642 | D:2      | Reached XP level 3. HP: 23/35 MP: 3/3
   856 | D:2      | Found a faded altar of an unknown god.
   862 | D:2      | Prayed at the altar of an unknown god.
   862 | D:2      | Became a worshipper of Kikubaaqudgha
   862 | D:2      | Reached * piety under Kikubaaqudgha
   862 | D:2      | Received a gift from Kikubaaqudgha
   865 | D:2      | Learned a level 1 spell: Animate Skeleton
   875 | D:2      | Reached skill level 1 in Invocations
  1192 | D:2      | Noticed Natasha
  1207 | D:2      | Killed Natasha
  1208 | D:2      | Reached skill level 1 in Short Blades
  1208 | D:2      | Reached skill level 1 in Long Blades
  1208 | D:2      | Reached skill level 1 in Axes
  1208 | D:2      | Reached skill level 1 in Maces & Flails
  1208 | D:2      | Reached skill level 1 in Staves
  1208 | D:2      | Reached skill level 1 in Slings
  1208 | D:2      | Reached skill level 1 in Bows
  1208 | D:2      | Reached skill level 1 in Crossbows
  1208 | D:2      | Reached skill level 1 in Throwing
  1208 | D:2      | Reached skill level 1 in Armour
  1208 | D:2      | Reached skill level 1 in Shields
  1208 | D:2      | Reached skill level 1 in Unarmed Combat
  1208 | D:2      | Reached skill level 1 in Spellcasting
  1208 | D:2      | Reached XP level 4. HP: 23/41 MP: 5/5
  1525 | D:2      | Reached skill level 1 in Conjurations
  1525 | D:2      | Reached skill level 1 in Hexes
  1525 | D:2      | Reached skill level 1 in Summonings
  1525 | D:2      | Reached skill level 1 in Necromancy
  1525 | D:2      | Reached skill level 1 in Translocations
  1525 | D:2      | Reached skill level 1 in Transmutations
  1525 | D:2      | Reached skill level 1 in Fire Magic
  1525 | D:2      | Reached skill level 1 in Ice Magic
  1525 | D:2      | Reached skill level 1 in Air Magic
  1525 | D:2      | Reached skill level 1 in Earth Magic
  1525 | D:2      | Reached skill level 1 in Poison Magic
  1786 | D:2      | Found Ruad Dogg's Assorted Antiques.
  1885 | D:3      | Noticed Ijyb
  1898 | D:3      | Killed Ijyb
  1899 | D:3      | Reached XP level 5. HP: 5/47 MP: 5/7
  2203 | D:3      | Found a glowing drain.
  2263 | Sewer    | Entered a sewer
  2414 | Sewer    | Reached ** piety under Kikubaaqudgha
  2525 | Sewer    | Reached XP level 6. HP: 47/53 MP: 8/8
  2768 | Sewer    | Reached *** piety under Kikubaaqudgha
  2768 | Sewer    | Received a gift from Kikubaaqudgha
  2771 | Sewer    | HP: 3/79 [bullfrog (5)]
  2778 | Sewer    | Slain by a bullfrog

Illustrated notes

Levels and vault maps discovered:
D:1:      dpeg_arrival_signposts, layout_basic
D:2:      layout_basic, serial_shops, nicolae_lakefront_shop,
          ebering_ecumenical_altar_mist, uniq_natasha
D:3:      layout_basic, chequers_temple_overflow_minitemple,
          gup_sewer_entry_glass, uniq_terence, uniq_ijyb
Sewer:    sewer_minmay_w

Skill      XL: |  1  2  3  4  5  6 |
---------------+-------------------+-----
Invocations    | 1 2 |  2.2
Short Blades   | 1 2 |  2.0
Long Blades    | 1 2 |  2.0
Axes           | 1 2 |  2.0
Maces & Flails | 1 2 |  2.0
Staves         | 1 2 |  2.0
Slings         | 1 2 |  2.0
Bows           | 1 2 |  2.0
Crossbows      | 1 2 |  2.0
Throwing       | 1 2 |  2.0
Armour         | 1 2 |  2.0
Shields        | 1 2 |  2.0
Unarmed Combat | 1 2 |  2.0
Spellcasting   | 1 2 |  2.0
Conjurations   | 1 |  1.6
Hexes          | 1 |  1.6
Summonings     | 1 |  1.6
Necromancy     | 1 |  1.6
Translocations | 1 |  1.6
Transmutations | 1 |  1.6
Fire Magic     | 1 |  1.6
Ice Magic      | 1 |  1.6
Air Magic      | 1 |  1.6
Earth Magic    | 1 |  1.6
Poison Magic   | 1 |  1.6
Dodging        | 3 |  3.3
Evocations     | 3 |  3.3
Stealth        | 3 |  3.1
Fighting       | |  6.8
Polearms       | |  8.8

Action                   |  1- 3 |  4- 6 || total
-------------------------+-------+-------++-------
Melee: Trident           |    73 |   258 ||   331
       Bite              |     2 |    20 ||    22
  Use: Potion            |       |     1 ||     1
 Stab: Sleeping          |     3 |     2 ||     5
Armor: Leather armour    |    15 |    52 ||    67
Dodge: Dodged            |    29 |   181 ||   210

Table legend: (Time is in decaauts)
 A = Elapsed time spent in this place.
 B = Non-inter-level travel time spent in this place.
 C = Inter-level travel time spent in this place.
 D = Time resting spent in this place.
 E = Time spent auto-exploring this place.
 F = Levels seen in this place.
 G = Mean time per level.
                   A        B        C        D        E       F      G
               +--------+--------+--------+--------+--------+-----+--------+
         Total |   2806 |   2727 |     79 |    416 |   1161 |   4 |  701.5 |
       Dungeon |   2252 |   2173 |     79 |    365 |   1150 |   3 |  750.7 |
         Sewer |    553 |    553 |      0 |     51 |     11 |   1 |  553.0 |
               +--------+--------+--------+--------+--------+-----+--------+

Top non-repeatable levels by time:
     D:2: 1349 daAuts
   Sewer: 553 daAuts
     D:1: 523 daAuts
     D:3: 380 daAuts
